 Dungeon Crawl Stone Soup version 0.29.1-13-g9f3cf754e1 (webtiles) character file.

Game seed: 15675549775402229735

5689 destino the Grappler (level 10, -5/171 HPs)
             Began as an Ogre Gladiator on Feb 2, 2023.
             Was a High Priest of Trog.
             Slain by an orc warrior
             ... wielding a +0 glaive
              (16 damage)
             ... on level 9 of the Dungeon.
             The game lasted 00:22:49 (9157 turns).

destino the Grappler (Ogre Gladiator)               Turns: 9157, Time: 00:22:50

Health: -5/171     AC: 10    Str: 20    XL:     10   Next: 75%
Magic:  10/10      EV: 11    Int:  9    God:    Trog [*****.]
Gold:   410        SH:  0    Dex: 14    Spells: 9/9 levels left

rFire   . . .      SeeInvis .     - Unarmed
rCold   . . .      Faith    .   (no shield)
rNeg    . . .      Spirit   .   H - +0 steam dragon scales
rPois   .          Reflect  .   b - +0 hat
rElec   .          Harm     .   (no cloak)
rCorr   .          Rampage  .   (gloves unavailable)
Will    +....                   (boots unavailable)
Stlth   ..........              (no amulet)
HPRegen 0.38/turn               m - +4 ring of protection
MPRegen 0.12/turn               (no ring)

@: berserking, very quick
A: large, unfitting armour, tough skin 1
a: Renounce Religion, Berserk, Trog's Hand, Brothers in Arms


You were on level 9 of the Dungeon.
You worshipped Trog.
Trog was extremely pleased with you.
You visited 1 branch of the dungeon, and saw 9 of its levels.
You also visited: Sewer and Ossuary.

You collected 410 gold pieces.

Inventory:

Hand Weapons
 y - the +12 war axe of Crystal {protect, rElec Will- MP-9 Dex+3}
   (You found it on level 6 of the Dungeon)

   It grants its wielder temporary protection when it strikes (+7 to AC).
   Dex:       It affects your dexterity (+3).
   rElec:     It insulates you from electricity.
   MP:        It affects your magic capacity (-9).
   Will:      It decreases your willpower.
 C - a +2 scimitar of flaming
 D - the +7 rapier of the Pit {protect, Will+ Str+5 SInv}
   (You found it in an ossuary)

   It grants its wielder temporary protection when it strikes (+7 to AC).
   Str:       It affects your strength (+5).
   SInv:      It lets you see invisible.
   Will:      It increases your willpower.
Missiles
 c - 3 throwing nets (quivered)
 d - a large rock
 n - 2 atropa-tipped darts
 G - 29 poisoned darts
 I - a curare-tipped dart
Armour
 a - a +0 robe
 b - a +0 hat (worn)
 k - a +0 troll leather armour {Pargi}
 H - +0 steam dragon scales (worn)
Jewellery
 l - a ring of ice
 m - a +4 ring of protection (left hand)
 F - a +6 ring of intelligence
Wands
 h - a wand of digging (4)
 j - a wand of flame (20)
 x - a wand of mindburst (37)
 A - a wand of roots (15)
 B - a wand of light (17)
Scrolls
 f - a scroll of immolation
 i - 4 scrolls of fear {unknown}
 r - 3 scrolls of enchant weapon {unknown}
 t - 2 scrolls of vulnerability {unknown}
 v - 4 scrolls of teleportation {unknown}
 z - a scroll of summoning {unknown}
 E - a scroll of poison {unknown}
 K - a scroll of blinking
 L - a scroll of identify
Potions
 e - 4 potions of attraction
 g - 3 potions of might
 o - 5 potions of lignification
 p - 10 potions of curing
 q - 2 potions of berserk rage
 s - 3 potions of mutation {unknown}
 u - a potion of resistance {unknown}
 w - 2 potions of ambrosia
 J - a potion of invisibility


   Skills:
 + Level 11.2 Fighting
 + Level 3.7 Throwing
 + Level 2.1 Armour
 + Level 4.1 Dodging
 * Level 11.2 Unarmed Combat
 + Level 2.1 Evocations


You had 9 spell levels left.
You didn't know any spells.
Your spell library was empty.

Dungeon Overview and Level Annotations

Branches:
Dungeon (9/15)             Temple (0/1) D:4             Orc (0/2) D:9
  Sewer (visited)         Ossuary (visited)
   Lair: D:8-11

Altars:
Elyvilon
Gozag
Qazlal
Trog

Annotations:
D:8 3 runed translucent doors, Labrat's ghost, novice DgCj


Innate Abilities, Weirdness & Mutations

You are too large for most types of armour.
You have tough skin. (AC +1)


Message History

You punch the gnoll sergeant!
The gnoll sergeant is heavily wounded.
The orc warrior barely misses you.
The gnoll sergeant hits you with a +0 trident.
You hit the gnoll sergeant.
The gnoll sergeant is heavily wounded.
The orc warrior hits you with a +0 glaive!
The gnoll sergeant hits you with a +0 trident!
You barely miss the gnoll sergeant.
The gnoll sergeant is heavily wounded.
The orc warrior misses you.
The gnoll sergeant hits you but does no damage.
You hit the gnoll sergeant.
The gnoll sergeant is severely wounded.
Your skin stops crawling.
You feel less strong-willed.
You hit the gnoll sergeant.
The gnoll sergeant is severely wounded.
The gnoll sergeant hits you with a +0 trident!
* * * LOW HITPOINT WARNING * * *
The orc warrior hits you with a +0 glaive!
* * * LOW HITPOINT WARNING * * *
A red film seems to cover your vision as you go berserk!
You feel yourself moving faster!
You feel mighty!
The orc warrior hits you but does no damage.
The gnoll sergeant closely misses you.
You punch the gnoll sergeant!
You kill the gnoll sergeant!
Trog accepts your kill.
The orc warrior hits you with a +0 glaive.
* * * LOW HITPOINT WARNING * * *
You hit the orc warrior but do no damage.
You hit the orc warrior but do no damage.
The orc warrior hits you with a +0 glaive.
* * * LOW HITPOINT WARNING * * *
You punch the orc warrior!
The orc warrior is moderately wounded.
You hit the orc warrior but do no damage.
The orc warrior is moderately wounded.
The orc warrior hits you with a +0 glaive!
You die...

#.# #.# # #.# #.# # ##.# #.# #
#..# #.# ##### ######.##
#.#########...###### .....)..#
#...........)......#
###.....###############........#
...))............o.#####.......#
###<).........))@).............#
##.[.....######.##.....†.......##
#.........# #.#######.....>...g
#.........# ... #........#g
...........# ..... #..########
##................. #..##8gog #
###.....#..##.....## ....##.TOo.#
.......##.. #.....# #..#.##.oggKg
#####.## #..#.##.ogoK#


You could see an orc warrior.

Vanquished Creatures
  Erica (D:8)
  Sigmund (D:3)
  A wraith (D:7)
  3 yaks (D:9)
  4 steam dragons
  3 water moccasins
  Pargi (Sewer)
  3 orc warriors
  A sky beast (D:6)
  2 black bears
  An ice beast (D:6)
  3 ogres
  3 centaurs
  A phantom (D:4)
  3 kobold brigands
  3 elf zombies (Ossuary)
  A necrophage (D:6)
  4 bullfrogs
  2 gnoll sergeants (D:9)
  4 scorpions
  A howler monkey (D:6)
  3 bullfrog zombies (D:5)
  3 jellies
  3 human zombies (Ossuary)
  3 orc priests
  A gnoll bouda (D:4)
  5 orc wizards
  Terence (D:3)
  3 iguanas
  A scorpion zombie (D:5)
  2 hound zombies (D:5)
  A howler monkey zombie (D:5)
  2 mummies (Ossuary)
  4 gnolls
  11 adders
  A shadow imp (D:7)
  A white imp (D:6)
  2 ufetubi
  2 adder zombies (Ossuary)
  4 worms
  13 dart slugs
  27 orcs
  7 bats
  10 endoplasms
  2 giant cockroaches
  14 goblins
  13 hobgoblins
  6 jackals
  9 quokkas
  11 ball pythons
  A frilled lizard (Sewer)
  2 goblin zombies (Ossuary)
  4 hobgoblin zombies (Ossuary)
  A jackal zombie (Ossuary)
  22 kobolds
  11 kobold zombies (Ossuary)
  11 orc zombies (Ossuary)
  6 rats
269 creatures vanquished.

Vanquished Creatures (others)
  An orc (D:9)
  A fungus (D:1)
  A withered plant (D:5)
3 creatures vanquished.

Grand Total: 272 creatures vanquished

Notes
Turn   | Place    | Note
-------+----------+-------------------------------------------
     0 | D:1      | destino the Ogre Gladiator began the quest for the Orb.
     0 | D:1      | Reached XP level 1. HP: 22/22 MP: 1/1
   153 | D:1      | Reached XP level 2. HP: 29/29 MP: 2/2
   617 | D:1      | Reached XP level 3. HP: 37/37 MP: 3/3
   735 | D:1      | Found a faded altar of an unknown god.
   766 | D:1      | Prayed at the altar of an unknown god.
   766 | D:1      | Became a worshipper of Trog the Wrathful
   766 | D:1      | Reached * piety under Trog
  1773 | D:2      | Reached XP level 4. HP: 46/46 MP: 4/4
  2480 | D:3      | Reached ** piety under Trog
  2520 | D:3      | Noticed Sigmund
  2551 | D:3      | Killed Sigmund
  2552 | D:3      | Reached skill level 5 in Fighting
  2552 | D:3      | Reached skill level 5 in Unarmed Combat
  2552 | D:3      | Reached XP level 5. HP: 25/57 MP: 5/5
  2552 | D:3      | Reached XP level 6. HP: 29/66 MP: 6/6
  2837 | D:3      | Noticed Terence
  2849 | D:3      | Killed Terence
  3248 | D:3      | Found a stormy altar of Qazlal.
  3344 | D:3      | Found a white marble altar of Elyvilon.
  3530 | D:4      | Found a glowing drain.
  3551 | Sewer    | Entered a sewer
  3724 | Sewer    | Noticed Pargi
  3737 | Sewer    | Killed Pargi
  3738 | Sewer    | Reached XP level 7. HP: 61/74 MP: 7/7
  3945 | D:4      | Found a staircase to the Ecumenical Temple.
  4568 | D:4      | Found an opulent altar of Gozag.
  4643 | D:4      | Reached XP level 8. HP: 83/84 MP: 8/8
  4897 | D:5      | Entered Level 5 of the Dungeon
  4959 | D:5      | Identified the +1 leather armour of Whack-A-Mole {rElec rF+
                  | rCorr}
  4978 | D:5      | Reached *** piety under Trog
  5521 | D:6      | Identified the +12 war axe of Crystal {protect, rElec Will-
                  | MP-9 Dex+3}
  5863 | D:6      | Reached XP level 9. HP: 51/97 MP: 9/9
  6441 | D:7      | Reached **** piety under Trog
  6561 | D:7      | Found a sand-covered staircase.
  6570 | Ossuary  | Entered an ossuary
  6765 | Ossuary  | Reached ***** piety under Trog
  6798 | Ossuary  | Reached skill level 10 in Fighting
  6798 | Ossuary  | Reached skill level 10 in Unarmed Combat
  6867 | Ossuary  | Identified the +7 rapier of the Pit {protect, Will+ Str+5
                  | SInv}
  7739 | D:7      | Reached XP level 10. HP: 106/106 MP: 10/10
  7790 | D:8      | Found a runed translucent gate.
  7790 | D:8      | Found a runed translucent gate.
  7790 | D:8      | Found a runed translucent gate.
  7877 | D:8      | Reached skill level 1 in Evocations
  7910 | D:8      | Identified the +3 scale mail of the Armoured One {Harm
                  | rElec}
  7980 | D:8      | Reached skill level 1 in Armour
  8082 | D:8      | Noticed Erica
  8090 | D:8      | Killed Erica
  8090 | D:8      | Received a gift from Trog
  8126 | D:8      | Identified the +7 sling "Bubedy" {vorpal, *Corrode rPois
                  | Str+6}
  8598 | D:8      | Noticed Labrat's ghost (novice DgCj)
  9098 | D:9      | Found a staircase to the Orcish Mines.
  9157 | D:9      | Slain by an orc warrior

Illustrated notes

Levels and vault maps discovered:
D:1:      giann_horns, layout_loops_ring, shapermc_ecumenical_altar_gd
D:2:      layout_basic, serial_glass, glass_columns_a, glass_columns_a,
          glass_columns_a, glass_columns_c, glass_columns_b, glass_columns_b,
          glass_columns_a, glass_columns_a, glass_columns_a, glass_columns_b,
          glass_columns_b, glass_columns_a, glass_columns_b, glass_columns_c
D:3:      layout_rooms, nicolae_qazlal_general_emergency, elyvilon_altar_1,
          grunt_decor_arrowhead, uniq_sigmund, uniq_terence
D:4:      kennysheep_slugbush, layout_basic, lemuel_round_altar,
          minmay_temple_entry_waves, cheibrodos_sewer_entry_drain,
          kennysheep_another_room, lightli_corner_chamber
D:5:      layout_loops_ring, serial_undead, serial_undead_f, serial_undead_c,
          serial_undead_b, serial_undead_f
D:6:      layout_loops_cross, serial_bayou_pond_e, columned_hall_lemuel
D:7:      layout_gridville, nicolae_ossuary_entry_ruins,
          nicolae_figureground_sparkle
D:8:      corexii_shantytown, layout_rooms, ebering_ghost_rock_garden,
          uniq_erica
D:9:      layout_loops_ring, lemuel_round_altar,
          kennysheep_orc_monster_closet_entryway

Skill      XL: |  1  2  3  4  5  6  7  8  9 10 |
---------------+-------------------------------+-----
Fighting       | 3 5 6 8 10 11 | 11.2
Unarmed Combat | 3 5 7 8 10 11 | 11.2
Dodging        | 3 4 |  4.1
Evocations     | 2 |  2.1
Armour         | 2 |  2.1
Throwing       | 3 |  3.7

Action                   |  1- 3 |  4- 6 |  7- 9 | 10-12 || total
-------------------------+-------+-------+-------+-------++-------
Melee: Unarmed           |   166 |   185 |   527 |   207 ||  1085
       Punch             |     7 |     2 |    26 |     8 ||    43
Invok: Trog's Hand       |       |     1 |     2 |     3 ||     6
       Berserk           |       |     1 |     1 |     3 ||     5
Evoke: Wand              |       |       |     1 |       ||     1
  Use: Scroll            |       |     9 |     1 |     2 ||    12
 Stab: Sleeping          |     3 |     1 |       |     3 ||     7
Armor: Robe              |    45 |    78 |       |       ||   123
       Troll leather arm |       |       |   205 |    54 ||   259
       Steam dragon scal |       |       |       |    33 ||    33
Dodge: Dodged            |    83 |    88 |   205 |   111 ||   487
